 Dungeon Crawl Stone Soup version 0.31.0-11-ge490571c62 (webtiles) character file.

Game seed: 932904368198785250

133 Killerpretzel the Changeling (level 5, -1/34 HPs)
             Began as an Octopode Shapeshifter on Feb 7, 2024.
             Incinerated by a bombardier beetle (3 damage)
             ... with a burning spray
             ... on level 3 of the Dungeon.
             The game lasted 00:04:16 (1185 turns).

Killerpretzel the Changeling (OpSh)                 Turns: 1185, Time: 00:04:17

Health: -1/34      AC:  1    Str: 19    XL:     5   Next: 16%
Magic:  5/5        EV: 13    Int: 13    God:
Gold:   115        SH:  0    Dex: 13    Spells: 4/4 levels left

rFire   . .          .
                       - Unarmed
rCold   . . .        (no shield)
rNeg    . . .        (helmet currently unavailable)
rPois   .            (no amulet)
rElec   .            h - ring of see invisible
rCorr   .            e - +6 ring of strength
SInv    +            (no ring)
Will    .....        (no ring)
Stlth   +            (no ring)
HPRegen 0.25/turn    (no ring)
MPRegen 0.09/turn    (no ring)
                     (no ring)

%: no passive effects
@: lethally poisoned (-1 -> -3), on fire, beast-form, glowing
A: beast (slay +2), almost no armour, amphibious, 8 rings, camouflage 1,
gelatinous body 1, (nimble swimmer 1), tentacles
a: Begin Untransformation


You were on level 3 of the Dungeon.
You were a hulking beast.
You visited 1 branch of the dungeon, and saw 3 of its levels.

You collected 115 gold pieces.

Inventory:

Jewellery
 e - a +6 ring of strength (right tentacle)
 h - a ring of see invisible (left tentacle)
Talismans
 b - a beast talisman
 c - a flux talisman
Scrolls
 f - 3 scrolls of teleportation
 k - a scroll of immolation {unknown}
 l - 2 scrolls of identify
 n - a scroll of revelation {unknown}
Potions
 a - 2 potions of lignification
 d - a potion of brilliance
 g - a potion of ambrosia {unknown}
 i - a potion of degeneration {unknown}
 j - a potion of curing {unknown}
 m - a potion of cancellation {unknown}
 o - a potion of mutation {unknown}


   Skills:
 + Level 2.2 Fighting
 + Level 2.8 Dodging
 + Level 3.6 Unarmed Combat
 * Level 4.1 Shapeshifting


You had 4 spell levels left.
You didn't know any spells.
Your spell library was empty.

Dungeon Overview and Level Annotations

Branches:
Dungeon (2/15)

Altars:
Zin


Innate Abilities, Weirdness & Mutations

You are a hulking beast.
Your limbs bulge with bestial killing power. (Slay +2)
You cannot wear most types of armour.
You are amphibious.
You can wear up to eight rings at the same time.
Your skin changes colour to match your surroundings (Stealth+).
Your rubbery body absorbs attacks. (AC +1, EV +1)
((You are camouflaged when in or above water. (Stealth+)))
You have tentacles for arms and can constrict up to eight enemies at once.


Message History

The burning spray hits you.
You are even more covered in liquid fire!
You are on fire!
You tentacle-slap the bombardier beetle but do no damage.
The bombardier beetle is heavily wounded.
The liquid fire burns you!
You constrict the bombardier beetle.
You are on fire!
You tentacle-slap the bombardier beetle.
The bombardier beetle is severely wounded.
The liquid fire burns you!
You constrict the bombardier beetle.
The bombardier beetle sprays incendiary fluid at you.
The burning spray hits you.
You are even more covered in liquid fire!
You are on fire!
You bludgeon the bombardier beetle!
You kill the bombardier beetle!
The liquid fire burns you!
Your Shapeshifting skill increases to level 4!
You have reached level 5!
You feel clever.
You shake off some of the fire as you move.
The liquid fire burns you! The adder attacks as it pursues you!
The adder bites you.
* * * LOW HITPOINT WARNING * * *
You are poisoned.
The adder poisons you!
You shake off some of the fire as you move.
The liquid fire burns you!
* * * LOW HITPOINT WARNING * * *
You feel sick. The adder attacks as it pursues you!
The adder barely misses you.
You shake off some of the fire as you move.
The liquid fire burns you!
* * * LOW HITPOINT WARNING * * *
x2 You feel sick.
The adder completely misses you.
You shake off some of the fire as you move.
The liquid fire burns you!
You die...

#..##.#.##..†..
#.....#.#####..
#.#####.# #..
#...###+#####..
########............
#...................
#...................
#...................
####..h........♣♣♣♣♣♣♣.
.........S......♣♣♣ ♣.
.................!. .
................... .
..)............PPPP
#####.............P
########...._.P #.....P
......


You could see an adder.

Vanquished Creatures
  2 bombardier beetles (D:3)
  3 adders (D:2)
  A ribbon worm (D:2)
  A dart slug (D:2)
  4 ball pythons
  2 bats (D:1)
  4 endoplasms
  A giant cockroach (D:1)
  5 goblins
  6 hobgoblins
  2 jackals (D:3)
  4 kobolds
  2 quokkas
  A frilled lizard (D:3)
  A rat (D:2)
39 creatures vanquished.

Notes
Turn   | Place    | Note
-------+----------+-------------------------------------------
     0 | D:1      | Killerpretzel the Octopode Shapeshifter began the quest for
                  | the Orb.
     0 | D:1      | Reached XP level 1. HP: 13/13 MP: 1/1
   139 | D:1      | Reached XP level 2. HP: 15/18 MP: 2/2
   617 | D:2      | Reached XP level 3. HP: 16/23 MP: 3/3
   870 | D:2      | Reached XP level 4. HP: 25/29 MP: 4/4
  1076 | D:2      | Found a glowing silver altar of Zin.
  1077 | D:2      | You fall into a shaft and drop 1 floor!
  1168 | D:3      | Found a glowing silver altar of Zin.
  1182 | D:3      | Reached skill level 4 in Shapeshifting
  1182 | D:3      | Reached XP level 5. HP: 16/34 MP: 5/5
  1185 | D:3      | Incinerated by a bombardier beetle

Illustrated notes

Levels and vault maps discovered:
D:1:      dpeg_arrival_tiny_e, layout_rooms
D:2:      cheibrodos_helix_gallery, layout_loops_ring, basic_altar,
          minmay_goblin_outpost
D:3:      layout_basic, mainiacjoe_overflow_chevrons

Skill      XL: |  1  2  3  4 |
---------------+-------------+-----
Fighting       | 2 |  2.2
Shapeshifting  | 4 |  4.1
Dodging        | |  2.8
Unarmed Combat | |  3.6

Action                     |  1- 3 |  4- 6 || total
---------------------------+-------+-------++-------
  Melee: Unarmed           |    55 |    23 ||    78
         Constrict         |    18 |     5 ||    23
         Tentacles         |    13 |     1 ||    14
         Punch             |     4 |       ||     4
    Use: Scroll            |     3 |       ||     3
   Stab: Sleeping          |     3 |     1 ||     4
 Armour: Skin              |    23 |     4 ||    27
  Dodge: Dodged            |    23 |     9 ||    32
